 Dungeon Crawl Stone Soup version 0.20-a0-647-gf178af5 (webtiles) character file.

113 GlassEater the Poker (level 4, -5/34 HPs)
             Began as a Merfolk Gladiator on Feb 16, 2017.
             Was a Follower of Elyvilon.
             Slain by GlassEater's ghost (10 damage)
             ... on level 3 of the Dungeon.
             The game lasted 00:05:04 (2666 turns).

GlassEater the Poker (Merfolk Gladiator)            Turns: 2666, Time: 00:05:04

Health: -5/34      AC:  4    Str: 14    XL:     4   Next: 96%
Magic:  2/4        EV: 14    Int: 11    God:    Elyvilon [*.....]
Gold:   168        SH:  0    Dex: 16    Spells: 3/3 levels left

rFire    . . .     SeeInvis .   a - +0 trident
rCold    . . .     Gourm    .   b - +0 leather armour
rNeg     . . .     Faith    .   (no shield)
rPois    .         Spirit   .   c - +0 helmet
rElec    .         Reflect  .   (no cloak)
rCorr    .         Harm     .   (no gloves)
MR       .....                  (no boots)
Stlth    +.........             (no amulet)
Regen    0.2/turn               (no ring)
MPRegen  0.1/turn               h - +4 ring of intelligence

@: no status effects
A: change form in water, swift swim, stealthy swim
a: Lesser Healing, Divine Protection, Renounce Religion


You were on level 3 of the Dungeon.
You worshipped Elyvilon.
Elyvilon was aware of your devotion.
You were not hungry.

You visited 1 branch of the dungeon, and saw 3 of its levels.

You collected 168 gold pieces.

Inventory:

Hand Weapons
 a - a +0 trident (weapon)
Missiles
 d - 3 throwing nets (quivered)
 l - 30 poisoned needles
Armour
 b - a +0 leather armour (worn)
 c - a +0 helmet (worn)
Jewellery
 h - a +4 ring of intelligence (left hand)
Scrolls
 i - 6 scrolls of identify {unknown}
 p - 2 scrolls of teleportation {unknown}
Potions
 e - a potion of ambrosia {unknown}
 j - 3 potions of might {unknown}
 k - 3 potions of brilliance {unknown}
 m - a potion of curing {unknown}
 n - a potion of resistance {unknown}
Comestibles
 f - a bread ration
 g - a royal jelly
 o - a fruit
 q - a chunk of flesh


   Skills:
 + Level 2.9 Fighting
 + Level 6.4 Polearms
 + Level 2.2 Throwing
 + Level 4.9 Dodging
 * Level 0.4 Invocations


You had 3 spell levels left.
You didn't know any spells.

Dungeon Overview and Level Annotations

Branches:
Dungeon (3/15)

Altars:
Cheibriados
Elyvilon

Annotations:
D:3 GlassEater's ghost, amateur KoGl


Message History

You are healed.
You feel somewhat more hungry. GlassEater's ghost closely misses you.
You hit GlassEater's ghost.
GlassEater's ghost is heavily damaged.
GlassEater's ghost hits you.
* * * LOW HITPOINT WARNING * * *
You hit GlassEater's ghost.
GlassEater's ghost is heavily damaged.
GlassEater's ghost closely misses you.
You hit GlassEater's ghost.
GlassEater's ghost is severely damaged.
GlassEater's ghost closely misses you.
You hit GlassEater's ghost.
GlassEater's ghost is severely damaged.
GlassEater's ghost hits you.
* * * LOW HITPOINT WARNING * * *
You barely miss GlassEater's ghost.
GlassEater's ghost is severely damaged.
GlassEater's ghost hits you!
You die...

.......#...##########.######.#...
.......#....)..................>#
..................#.............
.............................#
......................W....%.+
...(..............#..........#
.........#....##'##...........K.#
######...#....##W##.........?....
#...#....##@####'###.......#
#...#....##.......######...#
#...#.....#.......+ ..##
#...#.....#รท......# ##
#...#.....#.......#
#.....#.......# #######.......#
#.......# ##......+


You could see GlassEater's ghost.

Vanquished Creatures
  A worker ant (D:3)
  2 adders (D:2)
  3 worms
  A dart slug (D:3)
  A leopard gecko (D:2)
  2 ball pythons
  6 giant cockroaches
  7 goblins
  2 hobgoblins (D:2)
  10 jackals
  A quokka (D:2)
  3 bats
  2 frilled lizards (D:2)
  8 kobolds
  8 rats
57 creatures vanquished.

Notes
Turn   | Place    | Note
-------+----------+-------------------------------------------
     0 | D:1      | GlassEater the Merfolk Gladiator began the quest for the Orb.
     0 | D:1      | Reached XP level 1. HP: 16/16 MP: 1/1
   101 | D:1      | Reached XP level 2. HP: 19/22 MP: 2/2
   270 | D:1      | Reached skill level 5 in Polearms
   963 | D:2      | Reached XP level 3. HP: 28/28 MP: 3/3
  1156 | D:2      | Found a white marble altar of Elyvilon.
  1165 | D:2      | Became a worshipper of Elyvilon the Healer
  1497 | D:2      | Reached XP level 4. HP: 34/34 MP: 4/4
  1666 | D:2      | Reached skill level 6 in Polearms
  2306 | D:3      | Reached * piety under Elyvilon
  2384 | D:3      | Found a snail-covered altar of Cheibriados.
  2634 | D:3      | Noticed GlassEater's ghost (amateur KoGl)
  2653 | D:3      | HP: 1/34 [GlassEater's ghost (3)]
  2659 | D:3      | HP: 1/34 [GlassEater's ghost (8)]
  2666 | D:3      | Slain by GlassEater's ghost

Vault maps used:
D:1:      evilmike_arrival_run_for_it
D:2:      lemuel_doored_altar
D:3:      corexii_shack_village, kennysheep_slug_shrine, old_standard_altar

Skill      XL: |  1  2  3  4 |
---------------+-------------+-----
Polearms       | 5 6 |  6.4
Fighting       | |  2.9
Throwing       | |  2.2
Dodging        | |  4.9
Invocations    | |  0.4

Action                   |  1- 3 |  4- 6 || total
-------------------------+-------+-------++-------
Melee: Trident           |   126 |    94 ||   220
       Tailslap          |       |     1 ||     1
Invok: Lesser Healing    |       |     3 ||     3
  Eat: Chunk             |     2 |     4 ||     6
Armor: Leather armour    |    24 |    21 ||    45
Dodge: Dodged            |    83 |    61 ||   144
